 Dungeon Crawl Stone Soup version 0.30-a0-134-gb40fab5 (webtiles) character file.

Game seed: 964613778179341259

26 PublicAnimeNo1 the Digger (level 2, 0/21 HPs)
             Began as a Demonspawn Earth Elementalist on Sept 19, 2022.
             Slain by an iguana (5 damage)
             ... on level 2 of the Dungeon.
             The game lasted 00:01:40 (856 turns).

PublicAnimeNo1 the Digger (DsEE)                     Turns: 856, Time: 00:01:40

Health: 0/21       AC:  4    Str:  8    XL:     2   Next: 89%
Magic:  2/5        EV: 12    Int: 16    God:
Gold:   60         SH:  0    Dex: 13    Spells: 4/5 levels left

rFire   + . .      SeeInvis .    k - +0 mace (drain)
rCold   . . .      Faith    .    (no shield)
rNeg    . . .      Spirit   .    c - +1 robe {rF+}
rPois   .          Reflect  .    (helmet restricted)
rElec   .          Harm     .    (no cloak)
rCorr   .          Rampage  .    j - +0 pair of gloves
Will    .....                    (no boots)
Stlth   ++........               (no amulet)
HPRegen 0.07/turn                (no ring)
MPRegen 0.09/turn                (no ring)

@: attractive, very slightly contaminated
A: horns 1
a: no special abilities


You were on level 2 of the Dungeon.
You visited 1 branch of the dungeon, and saw 2 of its levels.

You collected 60 gold pieces.

Inventory:

Hand Weapons
 k - a +0 mace of draining (weapon)
Armour
 a - a +0 robe
 c - a +1 robe of fire resistance (worn)
 j - a +0 pair of gloves (worn)
Scrolls
 d - a scroll of poison {unknown}
 e - a scroll of fear {unknown}
 g - a scroll of enchant weapon {unknown}
 h - a scroll of amnesia {unknown}
 i - a scroll of blinking {unknown}
Potions
 b - a potion of magic
 f - a potion of attraction
 l - a potion of curing {unknown}
 m - a potion of berserk rage {unknown}


   Skills:
 + Level 1.2 Fighting
 - Level 1.7 Dodging
 - Level 1.7 Stealth
 - Level 2.0 Spellcasting
 - Level 0.8 Transmutations
 * Level 3.4 Earth Magic


You had 4 spell levels left.
You knew the following spells:

 Your Spells              Type           Power      Damage    Failure   Level
a - Sandblast             Erth           24%        2d8       4%          1

Your spell library contained the following spells:

 Spells                   Type           Power      Damage    Failure   Level
 Passwall                 Tmut/Erth      6%         N/A       13%         2
 Stone Arrow              Conj/Erth      14%        3d7       30%         3
 Petrify                  Tmut/Erth      8%         N/A       63%         4


Dungeon Overview and Level Annotations

Branches:
Dungeon (2/15)

Altars:


Innate Abilities, Weirdness & Mutations

You have a pair of small horns on your head.


Message History

You hit the dart slug. Your headbutt misses the dart slug.
The dart slug is heavily wounded.
The dart slug bites you but does no damage.
You hit the dart slug. You headbutt the dart slug.
You kill the dart slug!
No target in view!
m - a golden potion An iguana comes into view.
An iguana is nearby!
The iguana hisses angrily.
Okay, then.
Aiming: Sandblast (safe; 4% risk of failure)
Press: ? - help, Q - select action Shift-Dir - straight line, f - iguana
Aim: an iguana (84% to hit)
The blast of sand hits the iguana.
The iguana is moderately wounded.
Aiming: Sandblast (safe; 4% risk of failure)
Press: ? - help, Q - select action Shift-Dir - straight line, f/p - iguana
Aim: an iguana (moderately wounded, 84% to hit)
You miscast Sandblast.
You are very lightly contaminated with residual magic.
Nothing appears to happen.
Aiming: Sandblast (safe; 4% risk of failure)
Press: ? - help, Q - select action Shift-Dir - straight line, f/p - iguana
Aim: an iguana (moderately wounded, 84% to hit)
The blast of sand hits the iguana!
The iguana is severely wounded.
The iguana bites you!
You hit the iguana but do no damage. You drain the iguana.
You headbutt the iguana, but do no damage.
The iguana is severely wounded.
The iguana bites you!
* * * LOW HITPOINT WARNING * * *
It was a potion of attraction.
You feel attractive to monsters. The iguana closely misses you.
You closely miss the iguana.
The iguana is severely wounded.
The iguana bites you.
You die...

. .. .. #.#.#
#.#### . #.#.#
...# .##.#.# #.###
.[.#.#######...###
#.......@l..#.!.#
#...........###.#
#...........# l.
#.[...†.....# ...
###+######### ...
.. .


You could see an iguana (very drained).

Vanquished Creatures
  A dart slug (D:2)
  3 endoplasms (D:1)
  A giant cockroach (D:1)
  2 goblins (D:1)
  A hobgoblin (D:1)
  A kobold (D:1)
  2 quokkas (D:1)
  3 ball pythons (D:1)
  3 bats (D:1)
  3 frilled lizards (D:1)
  3 rats (D:1)
23 creatures vanquished.

Notes
Turn   | Place    | Note
-------+----------+-------------------------------------------
     0 | D:1      | PublicAnimeNo1 the Demonspawn Earth Elementalist began the
                  | quest for the Orb.
     0 | D:1      | Reached XP level 1. HP: 13/13 MP: 3/3
   221 | D:1      | Reached skill level 3 in Earth Magic
   251 | D:1      | Discovered your monstrous ancestry.
   251 | D:1      | Gained mutation: You have a pair of small horns on your
                  | head. [demonic ancestry]
   251 | D:1      | Reached XP level 2. HP: 20/20 MP: 3/5
   472 | D:1      | Reached skill level 1 in Fighting
   743 | D:1      | Found a faded altar of an unknown god.
   856 | D:2      | Slain by an iguana

Illustrated notes

Levels and vault maps discovered:
D:1:      minmay_arrival_doors, layout_rooms, ebering_ecumenical_altar_hall
D:2:      layout_basic

Skill      XL: |  1  2 |
---------------+-------+-----
Earth Magic    | 3 |  3.4
Fighting       | 1 |  1.2
Dodging        | |  1.7
Stealth        | |  1.7
Spellcasting   | |  2.0
Transmutations | |  0.8

Action                   || total
-------------------------++-------
Melee: Mace              ||     5
       Headbutt          ||     2
 Cast: Sandblast         ||    30
  Use: Potion            ||     1
Armor: Robe              ||     2
Dodge: Dodged            ||     6

Table legend: (Time is in decaauts)
 A = Elapsed time spent in this place.
 B = Non-inter-level travel time spent in this place.
 C = Inter-level travel time spent in this place.
 D = Time resting spent in this place.
 E = Time spent auto-exploring this place.
 F = Levels seen in this place.
 G = Mean time per level.
                   A        B        C        D        E       F      G
               +--------+--------+--------+--------+--------+-----+--------+
         Total |    871 |    857 |     14 |     92 |    604 |   2 |  435.5 |
       Dungeon |    871 |    857 |     14 |     92 |    604 |   2 |  435.5 |
               +--------+--------+--------+--------+--------+-----+--------+

Top non-repeatable levels by time:
     D:1: 834 daAuts
     D:2: 37 daAuts
